AoeStats
← LyftSjälar

Migration

509118765Analyzed
1v1 RM · 5d ago on Sep 25, 2026· 37m 53s· 2 players
Game mode
Random Map
Map size
132×132
Population
200
Speed
Normal
Resources
Standard
Victory
Conquest
Starting age
Dark Age
Ending age
Imperial Age
RankedLock teamsTeams togetherTeam positionsShared explorationLock speedFull tech treeHidden civsTurbo modeCheats
Victory
Defeat
🇨🇱 Vikings · Chile
992
+14
🇸🇪 Varangians · Sweden
951
-14
LyftSjälar
2:17 Loom
12:37 Feudal Age
13:45 Double-Bit Axe
13:52 Gold Mining
14:47 Fishing Lines
23:39 Castle Age
22:07 Horse Collar
24:36 Medium Warships
24:20 Gillnets
24:50 Heavy Plow
26:05 Bow Saw
25:47 Stone Mining
27:15 Forging
27:06 Scale Mail Armor
28:16 Stone Shaft Mining
28:49 Fletching
30:08 Gambesons
30:24 Squires
33:08 Careening
33:08 Clinker Construction
32:49 Guard Tower
33:19 Ballistics
33:11 Masonry
33:11 Heated Shot
35:23 Bodkin Arrow
35:29 Padded Archer Armor
36:58 Iron Casting
36:38 Chain Mail Armor
36:19 Arson
Gab.Knt
11:31 Feudal Age
12:20 Double-Bit Axe
14:05 Loom
14:19 Fishing Lines
17:45 Castle Age
16:42 Fletching
19:12 Forging
19:00 Bodkin Arrow
22:16 Town Watch
24:02 Town Patrol
24:52 Bow Saw
25:25 Gillnets
27:35 Ballistics
27:29 Horse Collar
35:08 Imperial Age
35:42 Heavy Plow
35:15 Elite Longship
36:01 Bracer
37:20 Chemistry
36:27 Siege Engineers
36:57 Forging
36:48 Scale Mail Armor
Connection lost

Rejoining the realm…

Still unreachable

The connection could not be restored.

Session expired

The server has moved on; the page needs a fresh start.